 Dungeon Crawl Stone Soup version 0.16-a0-2296-gdce89d5 (webtiles) character file.

585 Gorice the Slasher (level 7, -2/51 HPs)
             Began as a Demonspawn Wanderer on Nov 16, 2014.
             Slain by an orc
             ... wielding a +0 club
              (5 damage)
             ... on level 3 of the Dungeon.
             The game lasted 00:31:55 (5288 turns).

Gorice the Slasher (Demonspawn Wanderer)            Turns: 5288, Time: 00:31:55

Health: -2/51      AC:  4    Str: 11    XL:     7   Next: 14%
Magic:  7/7        EV: 12    Int: 17    God:
Gold:   173        SH:  0    Dex: 12    Spells: 0 memorised, 6 levels left

rFire  . . .     SeeInvis .     a - +0 long sword (vamp)
rCold  + . .     Clarity  +     l - +0 leather armour
rNeg   . . .     SustAb   +     (no shield)
rPois  .         Gourm    .     (no helmet)
rElec  .         Spirit   .     (no cloak)
rCorr  .         Warding  .     (no gloves)
rMut   .         Stasis   .     (no boots)
MR     .....                    q - amulet of clarity
Stlth  ++........               p - ring of protection from cold
                                m - ring of sustain abilities

@: not resistant to hostile enchantments, unstealthy
A: rugged brown scales 1, rot immunity
a: no special abilities


You were on level 3 of the Dungeon.
You were hungry.

You visited 2 branches of the dungeon, and saw 5 of its levels.

You collected 173 gold pieces.

Inventory:

Hand weapons
 a - a +0 vampiric long sword (weapon)
 u - a +2 dagger
 z - a +0 hunting sling
Missiles
 n - 18 sling bullets
 Z - 124 stones (quivered)
Armour
 l - a +0 leather armour (worn)
Jewellery
 m - a ring of sustain abilities (left hand)
 p - a ring of protection from cold (right hand)
 q - an amulet of clarity (around neck)
 B - an uncursed ring of sustain abilities
Scrolls
 c - a scroll of teleportation
 g - a scroll of fog
 t - a scroll of blinking
Potions
 b - a potion of haste
 d - a potion of curing
 e - a potion of cancellation {unknown}
 o - 3 potions of magic
Comestibles
 f - 5 bread rations
 h - a meat ration
 s - 7 fruits
 w - a slice of pizza


   Skills:
 - Level 2.0 Fighting
 - Level 2.6(4.0) Short Blades
 * Level 4.6(5.0) Long Blades
   Level 1.0 Staves
 + Level 3.9 Dodging
 - Level 4.5 Stealth
 - Level 1.7 Unarmed Combat


You had 6 spell levels left.
You didn't know any spells.

Dungeon Overview and Level Annotations

Branches:
Dungeon (4/15)             Temple (1/1) D:4

Altars:
Ashenzari
Dithmenos
Fedhas
Kikubaaqudgha
Qazlal
Trog
Xom
Yredelemnul
Zin
The Shining One

Shops:
D:3 *   D:4 *

Annotations:
D:4 exclusion: ogre, Edmund, Eustachio


Innate Abilities, Weirdness & Mutations

You are partially covered in rugged brown scales (AC +1, +3% HP).
You are immune to rotting.


Message History

Found 13 sling bullets.
A goblin comes into view. It is wielding a dagger.
There is a stone staircase leading up here.
The orc priest mumbles some strange prayers to Beogh against you.
Something smites you!
* * * LOW HITPOINT WARNING * * *
The orc hits you with a club.
* * * LOW HITPOINT WARNING * * *
You climb upwards.
There is a stone staircase leading down here.
You hit the orc.
You feel better.
The orc is moderately wounded.
The orc closely misses you.
You barely miss the orc. The orc completely misses you.
You closely miss the orc. The orc hits you with a club.
* * * LOW HITPOINT WARNING * * *
You hit the orc.
You feel better.
The orc is moderately wounded.
The orc hits you with a club.
You die...

#....#.#####
#.#...........#
#....#.#
#.#......####.##
#...)#.#
#........##.....
##......#
####.###.##.###.
##.......# #.#
#.##.# #.
#........#######
#.###.##.###.
###..#...........#
#............
........#..#####o#
#############
........#.[#####@#
..#..##.#....[...#
..#........####..#
(.#........####..#
#######.##.##....#
###.##.##.#.##
#...........#
#.....###.###
#.....# #.#


You could see an orc.

Vanquished Creatures
  A phantom (D:4)
  A centaur (D:4)
  A crimson imp (D:3)
  An orc priest (D:3)
  A jelly (D:3)
  A giant frog skeleton (D:4)
  A centaur skeleton (D:4)
  An iguana (D:4)
  An orc wizard (D:4)
  Ijyb (D:2)
  A hound skeleton (D:4)
  5 adders
  2 worms (D:3)
  3 giant geckos
  An ooze (D:3)
  10 orcs
  3 ball pythons
  11 bats
  5 giant cockroaches
  16 hobgoblins
  16 jackals
  5 quokkas
  A giant newt (D:4)
  8 goblins
  5 kobolds
  7 rats
109 creatures vanquished.

Vanquished Creatures (others)
  A hound (D:4)
  An orc priest (D:4)
  4 orcs (D:4)
  A hobgoblin (D:4)
  A jackal (D:4)
  A rat (D:4)
9 creatures vanquished.

Grand Total: 118 creatures vanquished

Notes
Turn   | Place    | Note
--------------------------------------------------------------
     0 | D:1      | Gorice, the Demonspawn Wanderer, began the quest for the Orb.
     0 | D:1      | Gorice set off with: a +2 dagger, a potion of haste, a scroll of teleportation, a potion of curing, a +0 robe, a bread ration
     0 | D:1      | Reached XP level 1. HP: 16/16 MP: 1/1
    82 | D:1      | Reached skill level 1 in Short Blades
   182 | D:1      | Gained mutation: You are immune to rotting. [demonic ancestry]
   182 | D:1      | Reached XP level 2. HP: 12/22 MP: 2/2
   328 | D:1      | Reached skill level 1 in Dodging
   672 | D:1      | Gained mutation: You are partially covered in rugged brown scales (AC +1, +3% HP). [demonic ancestry]
   672 | D:1      | Reached XP level 3. HP: 11/27 MP: 3/3
   971 | D:2      | Noticed Ijyb
  1006 | D:2      | Killed Ijyb
  1612 | D:2      | Found a blossoming altar of Fedhas.
  1848 | D:2      | Reached XP level 4. HP: 26/33 MP: 4/4
  2187 | D:3      | Reached skill level 1 in Long Blades
  3032 | D:3      | Reached XP level 5. HP: 17/39 MP: 5/5
  3461 | D:3      | Found Zin's Purification Station.
  3465 | D:3      | Found a glowing silver altar of Zin.
  4020 | D:4      | Noticed a centaur
  4022 | D:4      | Reached XP level 6. HP: 36/45 MP: 6/6
  4030 | D:4      | Killed a centaur
  4087 | D:4      | Found Soumpoymn's Assorted Antiques.
  4134 | D:4      | Found a stormy altar of Qazlal.
  4168 | D:4      | Noticed Eustachio
  4250 | D:4      | Noticed an ogre
  4315 | D:4      | Noticed Edmund
  4545 | D:4      | Found a shimmering altar of Xom.
  4617 | D:4      | Found a staircase to the Ecumenical Temple.
  4624 | Temple   | Entered the Ecumenical Temple
  5081 | D:4      | Noticed a phantom
  5162 | D:4      | Killed a phantom
  5162 | D:4      | Reached XP level 7. HP: 11/51 MP: 7/7
  5287 | D:3      | HP: 2/51 [orc/club (6)]
  5288 | D:3      | Slain by an orc

Action                   |  1- 3 |  4- 6 |  7- 9 || total
-------------------------+-------+-------+-------++-------
Melee: Dagger            |   186 |    37 |       ||   223
       Long sword        |       |   287 |     4 ||   291
Throw: Stone             |    22 |    35 |       ||    57
  Use: Potion            |     2 |     4 |       ||     6
       Scroll            |     4 |     5 |       ||     9
 Stab: Sleeping          |     2 |     2 |       ||     4
  Eat: Chunk             |     3 |    11 |       ||    14
       Beef jerky        |       |     3 |       ||     3
